 Dungeon Crawl Stone Soup version 0.29.1-1-gd02db6906a (webtiles) character file.

Game seed: 18142667951862623991

10476 pacmanke6689 the Severer (level 11, 0/97 HPs)
             Began as a Hill Orc Fighter on Sept 29, 2022.
             Was a Priest of Beogh.
             Killed by the air
             ... invoked by Gastronok
              (19 damage)
             ... on level 10 of the Dungeon.
             The game lasted 00:21:53 (11598 turns).

pacmanke6689 the Severer (Hill Orc Fighter)        Turns: 11598, Time: 00:21:53

Health: 0/97       AC: 27    Str: 22    XL:     11   Next: 62%
Magic:  13/13      EV:  4    Int:  6    God:    Beogh [***...]
Gold:   775        SH:  5    Dex: 12    Spells: 11/13 levels left

rFire   . . .      SeeInvis .   a - +1 war axe (venom)
rCold   . . .      Faith    .   c - +0 buckler
rNeg    . . .      Spirit   .   h - +2 crystal plate armour
rPois   .          Reflect  .   l - +1 hat
rElec   .          Harm     .   o - +0 cloak
rCorr   .          Rampage  .   k - +0 pair of gloves
Will    .....                   B - +0 pair of boots
Stlth   ..........              (no amulet)
HPRegen 0.26/turn               (no ring)
MPRegen 0.13/turn               (no ring)

@: slowed, very slow
A: dopey 1, no potion heal 1
a: Renounce Religion, Smiting


You were on level 10 of the Dungeon.
You worshipped Beogh.
Beogh was most pleased with you.
You visited 2 branches of the dungeon, and saw 11 of its levels.
You also visited: Sewer.

You collected 775 gold pieces.

Inventory:

Hand Weapons
 a - a +1 war axe of venom (weapon)
Armour
 c - a +0 buckler (worn)
 h - a +2 crystal plate armour (worn)
 k - a +0 pair of gloves (worn)
 l - a +1 hat (worn)
 o - a +0 cloak (worn)
 q - a +1 chain mail of poison resistance
 B - a +0 pair of boots (worn)
Jewellery
 b - an amulet of faith
 d - a ring of positive energy
 n - a ring of wizardry
 s - the ring of the Duke {rC+ Str+6}
   (You found it on level 5 of the Dungeon)

   [ring of strength]

   Str:       It affects your strength (+6).
   rC:        It protects you from cold.
 w - a ring of magical power
 y - an amulet of regeneration
Wands
 u - a wand of quicksilver (15)
Scrolls
 e - a scroll of blinking
 p - 2 scrolls of amnesia
 r - 3 scrolls of identify
 t - 3 scrolls of teleportation
 v - a scroll of butterflies
 x - 3 scrolls of magic mapping
 E - a scroll of enchant armour {unknown}
Potions
 f - 2 potions of attraction
 g - 2 potions of ambrosia
 i - 2 potions of resistance
 j - 3 potions of curing
 m - 3 potions of brilliance
 z - a potion of flight
 A - a potion of heal wounds
 C - 2 potions of haste
 D - a potion of degeneration


   Skills:
 + Level 9.4 Fighting
 + Level 15.3 Axes
 + Level 9.5 Armour
 + Level 2.6 Dodging
 + Level 1.2 Stealth
 + Level 7.3 Shields
 + Level 1.5 Spellcasting
 + Level 2.3 Conjurations
 + Level 2.2 Fire Magic


You had 11 spell levels left.
You knew the following spells:

 Your Spells              Type           Power      Damage    Failure   Level
a - Foxfire               Conj/Fire      12%        2x1d4     100%        1
b - Shock                 Conj/Air       4%         1d3       100%        1

Your spell library contained the following spells:

 Spells                   Type           Power      Damage    Failure   Level
 Beastly Appendage        Tmut           0%         N/A       100%        1
 Magic Dart               Conj           12%        1d3       100%        1
 Blink                    Tloc           0%         N/A       100%        2
 Call Imp                 Summ           0%         N/A       100%        2
 Poisonous Vapours        Pois/Air       0%         N/A       100%        2
 Wereblood                Tmut           0%         N/A       100%        2
 Conjure Flame            Conj/Fire      3%         6-21      100%        3
 Inner Flame              Hex/Fire       1%         N/A       100%        3
 Lesser Beckoning         Tloc           0%         N/A       100%        3
 Mephitic Cloud           Conj/Pois/Air  1%         N/A       100%        3
 Portal Projectile        Hex/Tloc       0%         N/A       100%        3
 Spider Form              Tmut/Pois      0%         N/A       100%        3
 Stone Arrow              Conj/Erth      2%         3d7       100%        3
 Swiftness                Air            0%         N/A       100%        3
 Tukima's Dance           Hex            0%         N/A       100%        3
 Airstrike                Air            0%         2d(0-16)  100%        4
 Animate Armour           Summ/Erth      0%         N/A       100%        4
 Corpse Rot               Necr/Pois/Air  0%         N/A       100%        4
 Flame Wave               Conj/Fire      3%         2d5       100%        4
 Blade Hands              Tmut           0%         N/A       100%        5
 Manifold Assault         Tloc           0%         N/A       100%        5
 Lehudib's Crystal Spear  Conj/Erth      0%         10d2      100%        8


Dungeon Overview and Level Annotations

Branches:
Dungeon (10/15)            Temple (1/1) D:5            Lair (0/5) D:10
    Orc (0/2) D:10          Sewer (visited)

Altars:
Ashenzari
Cheibriados
Dithmenos
Elyvilon
Fedhas
Gozag
Hepliaklqana
Kikubaaqudgha
Makhleb
Nemelex Xobeh
Okawaru
Qazlal
Ru
Sif Muna
Trog
Uskayaw
Vehumet
Wu Jian
Xom
Yredelemnul
Zin

Annotations:
D:5 2 runed translucent doors
D:10 Gastronok


Innate Abilities, Weirdness & Mutations

You are dopey. (Int -2)
Potions are less effective at restoring your health.


Message History

Gastronok bubbles merrily.
Gastronok looks at you while chanting.
You feel yourself slow down. Gastronok barely misses you.
You slash Gastronok!
Gastronok is poisoned.
Gastronok is lightly wounded.
You hit Gastronok.
Gastronok looks as sick as possible!
Gastronok is lightly wounded.
Gastronok bites you.
You slash Gastronok!
Gastronok looks as sick as possible!
Gastronok is lightly wounded.
Gastronok bites you.
You slash Gastronok!
Gastronok is moderately wounded.
You barely miss Gastronok.
Gastronok is moderately wounded.
Gastronok waves his eye-stalks in wide circles.
The air twists around and strikes you!
You hit Gastronok.
Gastronok looks as sick as possible!
Gastronok is moderately wounded.
You hit Gastronok.
Gastronok looks as sick as possible!
Gastronok is moderately wounded.
Gastronok bites you!
You barely miss Gastronok.
Gastronok is moderately wounded.
You hit Gastronok.
Gastronok is moderately wounded.
Gastronok bites you but does no damage.
You slash Gastronok!
Gastronok looks as sick as possible!
Gastronok is heavily wounded.
You hit Gastronok.
Gastronok is heavily wounded.
Gastronok bites you but does no damage.
You hit Gastronok.
Gastronok is heavily wounded.
Gastronok bites you!
* * * LOW HITPOINT WARNING * * *
Gastronok waves his eye-stalks in wide circles.
The air twists around and strikes you!!
You die...

.......$.#
.............#
..P...P......##
...........)..#
P.............#
......>.♣.....#
.........P....# #
..............###.##
.......w..@P........
.........♣.....##.##
# #......♣♣...†.## #
.......P...#.## #
###....♣.###.# #
#...### #.# ####
#.## ##†##
...######.## ##.<.##
...#.......##
##.....##


You could see Gastronok (extremely poisoned).

Vanquished Creatures
  4 two-headed ogres
  The ghost of warriortoast the Fighter, a novice MiFi of Cheibriados (D:6)
  A troll (D:5)
  Grinder (D:4)
  Sigmund (D:5)
  3 wyverns (D:10)
  12 yaks
  2 steam dragons
  6 water moccasins
  2 orc warriors
  2 sky beasts
  An ice beast (D:8)
  4 black bears
  2 wolves (D:10)
  7 centaurs
  2 kobold brigands
  2 necrophages (D:5)
  7 bullfrogs
  A scorpion (D:7)
  A water moccasin zombie (D:4)
  4 wights
  6 killer bees (D:8)
  2 howler monkeys
  3 jellies
  A centaur zombie (D:4)
  7 orc priests
  A gnoll bouda (D:4)
  3 hounds
  4 iguanas
  7 orc wizards
  Natasha (thrice) (D:4)
  A scorpion zombie (D:4)
  A howler monkey zombie (D:4)
  14 adders
  12 gnolls
  A river rat (D:4)
  4 white imps
  4 worms
  4 dart slugs
  37 orcs
  4 bats
  15 endoplasms
  12 giant cockroaches
  9 goblins
  8 hobgoblins
  6 quokkas
  17 ball pythons
  9 frilled lizards
  10 kobolds
  3 rats
274 creatures vanquished.

Vanquished Creatures (others)
  A necrophage (D:5)
  An orc wizard (D:5)
  2 bushes (D:10)
  2 fungi (D:10)
  22 plants (D:10)
28 creatures vanquished.

Grand Total: 302 creatures vanquished

Notes
Turn   | Place    | Note
-------+----------+-------------------------------------------
     0 | D:1      | pacmanke6689 the Hill Orc Fighter began the quest for the
                  | Orb.
     0 | D:1      | Reached XP level 1. HP: 19/19 MP: 1/1
   143 | D:1      | Reached XP level 2. HP: 24/27 MP: 2/2
   340 | D:1      | Reached skill level 3 in Axes
   571 | D:1      | Reached XP level 3. HP: 33/33 MP: 3/3
  1535 | D:2      | Found a faded altar of an unknown god.
  1545 | D:2      | Reached XP level 4. HP: 39/40 MP: 4/4
  1617 | D:2      | Reached skill level 4 in Axes
  2258 | D:3      | Reached XP level 5. HP: 47/47 MP: 5/5
  2389 | D:3      | Found a shimmering blue altar of Sif Muna.
  2547 | D:3      | Found a stormy altar of Qazlal.
  2556 | D:3      | Found a bloodstained altar of Trog.
  2571 | D:3      | Found a shadowy altar of Dithmenos.
  2575 | D:3      | Found a sacrificial altar of Ru.
  2576 | D:3      | Found a white marble altar of Elyvilon.
  2618 | D:3      | Identified the +6 whip of Guile {drain, Will+ Dex+2}
  2618 | D:3      | Noticed a centaur
  2627 | D:3      | Killed a centaur
  2628 | D:3      | Reached skill level 5 in Axes
  2628 | D:3      | Reached skill level 1 in Dodging
  3036 | D:4      | Reached XP level 6. HP: 53/53 MP: 6/6
  3069 | D:4      | Noticed Natasha
  3079 | D:4      | Killed Natasha
  3144 | D:4      | Noticed Natasha
  3150 | D:4      | Killed Natasha
  3151 | D:4      | Reached skill level 6 in Axes
  3184 | D:4      | Noticed Grinder
  3192 | D:4      | Paralysed by Grinder for 5 turns
  3206 | D:4      | Killed Grinder
  3207 | D:4      | Reached skill level 5 in Fighting
  3207 | D:4      | Reached XP level 7. HP: 54/61 MP: 7/7
  3371 | D:4      | Reached skill level 7 in Axes
  3403 | D:4      | Found a glowing drain.
  3426 | Sewer    | Entered a sewer
  3517 | Sewer    | Reached skill level 5 in Armour
  3901 | D:4      | Noticed Natasha
  3913 | D:4      | Reached XP level 8. HP: 52/69 MP: 8/8
  3923 | D:4      | Killed Natasha
  3924 | D:4      | Reached skill level 8 in Axes
  4077 | D:4      | Found a basalt altar of Yredelemnul.
  4427 | D:5      | Entered Level 5 of the Dungeon
  4460 | D:5      | Reached skill level 5 in Shields
  4462 | D:5      | Found a staircase to the Ecumenical Temple.
  4483 | Temple   | Entered the Ecumenical Temple
  4796 | D:5      | Reached skill level 9 in Axes
  5081 | D:5      | Found a large runed translucent door.
  5081 | D:5      | Found a large runed translucent door.
  5085 | D:5      | Noticed a troll
  5200 | D:5      | Found a large runed translucent door.
  5200 | D:5      | Found a large runed translucent door.
  5296 | D:5      | Identified the ring of the Duke {rC+ Str+6}
  5365 | D:5      | Became a worshipper of Beogh the Brigand
  5436 | D:5      | Noticed Sigmund
  5439 | D:5      | Killed Sigmund
  5440 | D:5      | Reached XP level 9. HP: 71/78 MP: 9/9
  5581 | D:5      | Reached skill level 10 in Axes
  5587 | D:5      | Found an iron altar of Okawaru.
  6152 | D:5      | Killed a troll
  6352 | D:6      | Reached skill level 1 in Stealth
  6369 | D:6      | Reached skill level 11 in Axes
  6439 | D:6      | Found a large runed translucent door.
  6440 | D:6      | Found a large runed translucent door.
  6447 | D:6      | Noticed warriortoast's ghost (novice MiFi)
  6613 | D:6      | Reached * piety under Beogh
  6897 | D:6      | Killed warriortoast's ghost
  6898 | D:6      | Reached skill level 12 in Axes
  7185 | D:7      | Reached XP level 10. HP: 79/88 MP: 10/10
  7810 | D:8      | Reached ** piety under Beogh
  7983 | D:8      | Reached skill level 13 in Axes
  8173 | D:8      | Found a broken altar of Ashenzari.
  8400 | D:8      | Noticed a two-headed ogre
  8410 | D:8      | Killed a two-headed ogre
  8413 | D:8      | Learned a level 1 spell: Foxfire
  8415 | D:8      | Learned a level 1 spell: Shock
  8562 | D:8      | Gained mutation: Potions are less effective at restoring
                  | your health. [mutagenic glow]
  8753 | D:8      | Reached skill level 1 in Conjurations
  8878 | D:8      | Gained mutation: You are dopey. (Int -2) [mutagenic glow]
  9301 | D:8      | Reached skill level 1 in Fire Magic
  9336 | D:8      | Found a shimmering altar of Xom.
  9567 | D:9      | Noticed a two-headed ogre
  9587 | D:9      | Killed a two-headed ogre
  9588 | D:9      | Reached skill level 1 in Spellcasting
 10134 | D:9      | Reached skill level 14 in Axes
 10134 | D:9      | Reached XP level 11. HP: 79/95 MP: 13/13
 10261 | D:9      | Noticed a two-headed ogre
 10272 | D:9      | Killed a two-headed ogre
 10423 | D:9      | Noticed a two-headed ogre
 10435 | D:9      | Killed a two-headed ogre
 10666 | D:9      | Identified the +2 robe of Grace {rF++ Str-3}
 10683 | D:9      | Noticed a centaur warrior
 10691 | D:10     | Entered Level 10 of the Dungeon
 10844 | D:10     | Found a staircase to the Orcish Mines.
 10844 | D:10     | Reached *** piety under Beogh
 11163 | D:10     | Reached skill level 15 in Axes
 11349 | D:10     | Found a hide-covered altar of Uskayaw.
 11534 | D:10     | Found a staircase to the Lair.
 11574 | D:10     | Noticed Gastronok
 11598 | D:10     | Killed from afar by Gastronok

Illustrated notes

Levels and vault maps discovered:
D:1:      dpeg_arrival_triangle_fractal, layout_basic, serial_bayou_pond_a,
          kennysheep_another_room, kennysheep_small_spiral, minmay_octomino_c4
D:2:      layout_loops_corners, hellmonk_ecumenical_altar_arch_garden
D:3:      layout_rooms, minitemple, led_sif_book
D:4:      layout_rooms, nicolae_yredelemnul_corpse_copse,
          gup_sewer_entry_bubbles, chequers_serial_rivers_small_a,
          roderic_roman_lattice, uniq_natasha, uniq_grinder
D:5:      layout_loops_corners, mainiacjoe_overflow_catwalk,
          minmay_temple_entry_slanted, nrook_pool_corridor,
          minmay_hollow_rounded_squares, uniq_sigmund
D:6:      layout_gridville, ebering_ghost_disaster_area
D:7:      layout_loops_ring
D:8:      cheibrodos_helix_gallery, layout_loops_ring, tgw_xom,
          nicolae_ashenzari_panopticon
D:9:      layout_long_grid, tso_oasis_becter
D:10:     layout_loops_corners, mainiacjoe_overflow_alcove_4,
          minmay_lair_entry_grove, david_orc_2, uniq_gastronok
Temple:   chequers_temple_sunken

Skill      XL: |  1  2  3  4  5  6  7  8  9 10 11 |
---------------+----------------------------------+-----
Axes           | 3 4 5 6 7 9 12 14 15 | 15.3
Fighting       | 4 5 6 7 8 9 |  9.4
Armour         | 4 5 6 7 8 9 |  9.5
Dodging        | 1 2 |  2.6
Shields        | 4 5 6 7 |  7.3
Stealth        | 1 |  1.2
Conjurations   | 2 |  2.3
Fire Magic     | 2 |  2.2
Spellcasting   | 1 |  1.5

Action                   |  1- 3 |  4- 6 |  7- 9 | 10-12 || total
-------------------------+-------+-------+-------+-------++-------
Melee: War axe           |    68 |   101 |   380 |   315 ||   864
Invok: Convert to Beogh  |       |       |     1 |       ||     1
  Use: Scroll            |     5 |     4 |     6 |     6 ||    21
       Potion            |       |     2 |     1 |       ||     3
Armor: Scale mail        |    30 |    26 |       |       ||    56
       Chain mail        |       |    34 |   233 |       ||   267
       Crystal plate arm |       |       |    67 |   262 ||   329
Dodge: Dodged            |    31 |    42 |   144 |    51 ||   268
Block: Buckler           |    18 |    28 |    97 |    73 ||   216
